 Dungeon Crawl Stone Soup version 0.25.0-9-g26727b657a (webtiles) character file.

Game seed: 11141956562387825894

90 Esekla the Magician (level 4, 0/22 HPs)
             Began as a Vine Stalker Venom Mage on June 18, 2020.
             Slain by a scorpion (1 damage)
             ... on level 5 of the Dungeon.
             The game lasted 00:16:54 (1761 turns).

Esekla the Magician (Vine Stalker Venom Mage)       Turns: 1761, Time: 00:16:54

Health: 0/22       AC:  2    Str: 10    XL:     4   Next: 56%
Magic:  0/10       EV: 12    Int: 16    God:
Gold:   70         SH:  0    Dex: 15    Spells: 3/9 levels left

rFire    . . .     SeeInvis .   n - +0 short sword
rCold    . . .     Gourm    .   (no shield)
rNeg     . . .     Faith    .   a - +0 robe
rPois    +         Spirit   +   (no helmet)
rElec    .         Reflect  .   (no cloak)
rCorr    .         Harm     .   (no gloves)
MR       .....                  (no boots)
Stlth    ++........             (no amulet)
HPRegen  0.47/turn              o - ring of poison resistance
MPRegen  0.12/turn              (no ring)

@: lethally poisoned (0 -> 0)
A: fangs 2, regeneration 1, magic shield, antimagic bite, no potion heal 3, rot
immunity
a: no special abilities


You were on level 5 of the Dungeon.
You were hungry.

You visited 2 branches of the dungeon, and saw 6 of its levels.

You collected 70 gold pieces.

Inventory:

Hand Weapons
 i - a +0 war axe
 n - a +0 short sword (weapon)
Armour
 a - a +0 robe (worn)
 d - a cursed -2 buckler
Jewellery
 o - a ring of poison resistance (left hand)
Scrolls
 e - a scroll of blinking {unknown}
 k - a scroll of teleportation {unknown}
 m - 3 scrolls of identify {unknown}
 q - a scroll of random uselessness {unknown}
Potions
 b - 2 potions of curing {unknown}
 f - 2 potions of magic {unknown}
 g - a potion of degeneration {unknown}
 h - a potion of haste {unknown}
 j - a potion of brilliance {unknown}
 l - a potion of flight {unknown}
 p - a potion of might {unknown}
Comestibles
 c - a ration


   Skills:
 * Level 1.4 Fighting
 + Level 0.1 Short Blades
 + Level 1.8 Dodging
 - Level 2.4 Stealth
 * Level 3.3 Spellcasting
 * Level 0.7 Conjurations
 - Level 1.0 Transmutations
 * Level 1.2 Air Magic
 - Level 3.2 Poison Magic


You had 3 spell levels left.
You knew the following spells:

 Your Spells              Type           Power        Failure   Level  Hunger
a - Sting                 Tmut/Pois      #...         8%          1    None
c - Mephitic Cloud        Conj/Pois/Air  #.......     26%         3    ###....
v - Poisonous Vapours     Pois/Air       #.....       11%         2    ##.....

Your spell library contained the following spells:

 Spells                   Type           Power        Failure   Level  Hunger
 Ignite Poison            Fire/Tmut/Pois #.......     30%         3    ###....
 Olgreb's Toxic Radiance  Pois           ##......     43%         4    ####...


Dungeon Overview and Level Annotations

Branches:
Dungeon (5/15)             Temple (1/1) D:4

Altars:
Ashenzari
Dithmenos
Elyvilon
Gozag
Hepliaklqana
Kikubaaqudgha
Nemelex Xobeh
Okawaru
Qazlal
Sif Muna
Uskayaw
Wu Jian
Yredelemnul
The Shining One

Annotations:
D:3 Terence
D:4 Robin


Innate Abilities, Weirdness & Mutations

You have extremely sharp teeth.
Your natural rate of healing is unusually fast.
When hurt, damage is shared between your health and your magic reserves.
Your bite disrupts and absorbs the magic of your enemies.
Potions cannot restore your health.
You are immune to rotting.


Message History

You hit the scorpion.
The scorpion is moderately wounded.
The scorpion barely misses you.
You hit the scorpion but do no damage.
The scorpion is moderately wounded.
You feel sick. The scorpion stings you!
* * * LOW HITPOINT WARNING * * *
You hit the scorpion but do no damage. Your bite misses the scorpion.
The scorpion is moderately wounded.
The scorpion stings you.
* * * LOW HITPOINT WARNING * * *
You closely miss the scorpion.
The scorpion is moderately wounded.
* * * LOW HITPOINT WARNING * * *
You feel sick.
The scorpion stings you but does no damage.
You hit the scorpion. Your bite misses the scorpion.
The scorpion is moderately wounded.
The scorpion stings you.
You die...

#.# #.# #.# #.# ##
### #.# #. ..# #.#
#. ._# #.#
#.###..#####
###.#####(..[......
#....@s.(..........
#.##########..#####
#.# ...# #.# ...#
###.### (..#
#.....# W...
#.....### .....
#.......# .....#
#.....#.#


You could see a scorpion.

Vanquished Creatures
  2 orc wizards (D:4)
  An adder (D:2)
  A leopard gecko (D:2)
  3 orcs
  A giant cockroach (D:2)
  2 hobgoblins
  3 jackals
  4 bats
  3 goblins
  2 kobolds
  2 rats (D:2)
24 creatures vanquished.

Notes
Turn   | Place    | Note
-------+----------+-------------------------------------------
     0 | D:1      | Esekla the Vine Stalker Venom Mage began the quest for the
                  | Orb.
     0 | D:1      | Reached XP level 1. HP: 9/9 MP: 4/4
   289 | D:3      | Noticed Terence
   368 | D:2      | Reached XP level 2. HP: 14/14 MP: 4/6
   372 | D:2      | Learned a level 2 spell: Poisonous Vapours
   420 | D:2      | Found a hide-covered altar of Uskayaw.
   604 | D:3      | Reached skill level 1 in Fighting
   803 | D:3      | Reached XP level 3. HP: 9/18 MP: 1/7
   811 | D:3      | Learned a level 3 spell: Mephitic Cloud
  1206 | D:3      | Found a hazy altar of Hepliaklqana.
  1401 | D:4      | Found a stormy altar of Qazlal.
  1457 | D:4      | Found a staircase to the Ecumenical Temple.
  1474 | D:4      | Reached skill level 1 in Air Magic
  1474 | D:4      | Gained mutation: Your natural rate of healing is unusually
                  | fast. [Vine Stalker growth]
  1474 | D:4      | Reached XP level 4. HP: 12/22 MP: 5/9
  1503 | Temple   | Entered the Ecumenical Temple
  1698 | D:4      | Noticed Robin
  1718 | D:5      | Entered Level 5 of the Dungeon
  1746 | D:5      | Found a basalt altar of Yredelemnul.
  1747 | D:5      | Noticed a phantom
  1759 | D:5      | HP: 1/22 [scorpion (3)]
  1761 | D:5      | Slain by a scorpion

Illustrated notes

Levels and vault maps discovered:
D:1:      dpeg_arrival_rhombi, layout_basic
D:2:      layout_loops_ring, marbit_many_paths
D:3:      layout_loops_corners, nicolae_overflow_crystal_walls,
          hangedman_decor_push, nrook_uturn, uniq_terence
D:4:      layout_basic, lemuel_doored_altar, nicolae_qazlal_eye_of_the_storm,
          minmay_temple_entry_stoned_glass, serial_shops, nicolae_shop_trees,
          first_ration, minmay_misc_feat_encased, dk_rats_in_the_wall,
          uniq_robin
D:5:      layout_loops_ring, vehumet_altar_wand_db, overflow_temple_1_default,
          makhleb_heckhound_becter, minmay_mini_ossuary, uniq_eustachio
Temple:   jpeg_temple_alley_garden

Skill      XL: |  1  2  3 |
---------------+----------+-----
Fighting       | 1 |  1.4
Spellcasting   | 3 |  3.3
Air Magic      | 1 |  1.2
Short Blades   | |  0.1
Dodging        | |  1.8
Stealth        | |  2.4
Conjurations   | |  0.7
Transmutations | |  1.0
Poison Magic   | |  3.2

Action                   |  1- 3 |  4- 6 || total
-------------------------+-------+-------++-------
Melee: Hand axe          |     8 |       ||     8
       Dagger            |    16 |       ||    16
       Bite              |     7 |     2 ||     9
       Short sword       |     7 |    12 ||    19
 Cast: Sting             |     7 |       ||     7
       Poisonous Vapours |    14 |       ||    14
  Use: Scroll            |     1 |       ||     1
 Stab: Sleeping          |     2 |       ||     2
  Eat: Chunk             |     2 |     1 ||     3
Armor: Robe              |     7 |     1 ||     8
Dodge: Dodged            |    32 |     2 ||    34
